 Dungeon Crawl Stone Soup version 0.30-a0-137-gd8773701ce (webtiles) character file.

Game seed: 14271177999970130119

97 Sobieck the Caller (level 4, -4/27 HPs)
             Began as an Octopode Summoner on Sept 23, 2022.
             Killed from afar by Natasha (12 damage)
             ... with a puff of flame
             ... on level 2 of the Dungeon.
             The game lasted 00:03:23 (1556 turns).

Sobieck the Caller (Octopode Summoner)              Turns: 1556, Time: 00:03:23

Health: -4/27      AC:  1    Str:  7    XL:     4   Next: 68%
Magic:  4/7        EV: 13    Int: 19    God:
Gold:   30         SH:  0    Dex: 12    Spells: 1/7 levels left

rFire   . . .      SeeInvis .    b - +1 dagger (drain) {short}
rCold   . . .      Faith    .    (no shield)
rNeg    . . .      Spirit   .    (helmet restricted)
rPois   .          Reflect  .    (no amulet)
rElec   .          Harm     .    (no ring)
rCorr   .          Rampage  .    (no ring)
Will    .....                    (no ring)
Stlth   +++.......               (no ring)
HPRegen 0.09/turn                (no ring)
MPRegen 0.10/turn                (no ring)
                                 (no ring)
                                 (no ring)

@: no status effects
A: almost no armour, amphibious, 8 rings, camouflage 1, gelatinous body 1,
(nimble swimmer 1), tentacles
a: no special abilities


You were on level 2 of the Dungeon.
You visited 1 branch of the dungeon, and saw 2 of its levels.

You collected 30 gold pieces.


Innate Abilities, Weirdness & Mutations

You cannot wear most types of armour.
You are amphibious.
You can wear up to eight rings at the same time.
Your skin changes colour to match your surroundings (Stealth+).
Your rubbery body absorbs attacks. (AC +1, EV +1)
((You are camouflaged when in or above water. (Stealth+)))
You have tentacles for arms and can constrict up to eight enemies at once.


   Skills:
 - Level 2.0 Dodging
 - Level 2.6 Stealth
 - Level 2.0 Spellcasting
 + Level 5.9 Summonings


You had one spell level left.
You knew the following spells:

 Your Spells              Type           Power      Damage    Failure   Level
a - Call Imp              Summ           24%        N/A       2%          2
b - Summon Small Mammal   Summ           96%        N/A       1%          1
c - Call Canine Familiar  Summ           24%        N/A       4%          3

Your spell library contained the following spells:

 Spells                   Type           Power      Damage    Failure   Level
 Summon Guardian Golem    Hex/Summ       13%        N/A       16%         3
 Summon Lightning Spire   Summ/Air       13%        N/A       45%         4
 Passage of Golubria      Tloc           1%         N/A       86%         4
 Silence                  Hex/Air        0%         N/A       99%         5
 Lehudib's Crystal Spear  Conj/Erth      0%         10d2      100%        8

Inventory:

Hand Weapons
 b - a +1 dagger of draining (weapon) {short}
   (You took it off a goblin on level 1 of the Dungeon)
 c - a +0 club {mace}
   (You took it off a goblin on level 1 of the Dungeon)
Missiles
 e - 21 stones {throwing}
 f - 4 curare-tipped darts {=fthrowing}
Scrolls
 d - 4 scrolls of identify {unknown}
Potions
 a - a potion of magic
 g - 2 potions of flight {unknown}
 h - a potion of invisibility {unknown}

Dungeon Overview and Level Annotations

Branches:
Dungeon (2/15) Zot: 10443

Altars:

Annotations:
D:2 Natasha

#....................###
##...........#..........######
...............# #...........#
......>.......####.....[.....#
..............#..............#
..†..................#.......####
.........r......................#
..........h.....................#
........<....?..@...÷.<......>...
.....#.....5..............(......
####..#....†..........#..........
####...............#..........
......?..........##..........
#####.!...#.....###..........
############# #..........
###########


You could see Natasha (ally target), a crimson imp (summoned) and a friendly
quokka (summoned).


Message History

Your bat barely misses Natasha.
Your quokka closely misses Natasha.
Natasha zaps a wand.
The puff of flame hits you!
Your crimson imp misses Natasha.
Your quokka barely misses Natasha.
Your bat hits Natasha but does no damage.
Natasha zaps a wand.
The puff of flame hits your bat!
Your bat dies!
Your bat's corpse disappears in a puff of smoke!
Your quokka bites Natasha but does no damage.
Your crimson imp hits Natasha but does no damage.
Natasha claws your quokka!
Your quokka dies!
Your quokka's corpse disappears in a puff of smoke!
Your crimson imp blinks!
Unknown command.
Unknown command.
Casting: Summon Small Mammal (safe; 1% risk of failure)
Confirm with . or Enter, or press ? or * to list all spells.
Natasha hisses angrily.
Natasha casts a spell.
Natasha casts a spell at you. You resist with some effort.
There is a stone staircase leading up here.
Casting: Summon Small Mammal (safe; 1% risk of failure)
Confirm with . or Enter, or press ? or * to list all spells.
A beastly little devil appears in a puff of flame.
Your crimson imp disappears in a puff of smoke!
Natasha barely misses your bat.
Your bat barely misses Natasha.
Casting: Call Imp (safe; 2% risk of failure)
Confirm with . or Enter, or press ? or * to list all spells.
You don't have enough magic to cast this spell.
Natasha closely misses your bat.
Your bat barely misses Natasha.
Unknown command.
Unknown command.
Your bat hits Natasha.
Your bat barely misses Natasha.
Unknown command.
Natasha zaps a wand.
The puff of flame hits you!
* * * LOW HITPOINT WARNING * * *
Your crimson imp blinks!
Your bat hits Natasha but does no damage. x2
You climb upwards.
There is a stone staircase leading down here.
Unknown command.
Unknown command.
You start resting.
You start resting.
Unknown command.
Unknown command.
You climb downwards.
Level annotation: Natasha Natasha zaps a wand.
The puff of flame hits you!
There is a stone staircase leading up here.
Danger!
Unknown command.
Casting: Call Imp (safe; 2% risk of failure)
Confirm with . or Enter, or press ? or * to list all spells.
A beastly little devil appears in a puff of flame.
Casting: Call Imp (safe; 2% risk of failure)
Confirm with . or Enter, or press ? or * to list all spells.
Natasha zaps a wand.
The puff of flame hits you!
* * * LOW HITPOINT WARNING * * *
Casting: Summon Small Mammal (safe; 1% risk of failure)
Confirm with . or Enter, or press ? or * to list all spells.
Your crimson imp hits Natasha.
Unknown command.
Natasha claws your rat.
Your rat misses Natasha.
Your crimson imp hits Natasha.
Unknown command.
Natasha claws your rat!
Your rat dies!
Your rat's corpse disappears in a puff of smoke!
Your crimson imp blinks!
Unknown command.
Unknown command.
You swap places.
Your quokka barely misses Natasha.
Natasha zaps a wand.
The puff of flame hits you.
* * * LOW HITPOINT WARNING * * *
Your quokka barely misses Natasha.
Natasha stares at you and mumbles some strange words.
The magic dart hits your crimson imp!
Your quokka closely misses Natasha.
Unknown command.
Natasha claws your crimson imp.
Your crimson imp dies!
Your crimson imp disappears in a puff of smoke!
Your quokka closely misses Natasha.
Your quokka barely misses Natasha.
Natasha mumbles some strange words.
Unknown command.
Your quokka closely misses Natasha.
Your quokka closely misses Natasha.
Natasha mumbles some strange words.
Natasha glows brightly for a moment.
Your quokka closely misses Natasha.
Natasha zaps a wand.
The puff of flame hits you!
You die...

Skill      XL: |  1  2  3 |
---------------+----------+-----
Summonings     | 5 |  5.9
Dodging        | |  2.0
Stealth        | |  2.6
Spellcasting   | |  2.0

Action                   |  1- 3 |  4- 6 || total
-------------------------+-------+-------++-------
Melee: Unarmed           |    16 |       ||    16
       Constrict         |    14 |       ||    14
       Tentacles         |     6 |       ||     6
       Punch             |     3 |       ||     3
       Dagger            |    26 |     4 ||    30
 Cast: Summon Small Mamm |    12 |     7 ||    19
       Call Imp          |     2 |     3 ||     5
 Stab: Sleeping          |     4 |       ||     4
Dodge: Dodged            |    22 |     3 ||    25

Levels and vault maps discovered:
D:1:      roderic_dead_forest, layout_loops_ring, ebering_ecumenical_altar_mist
D:2:      layout_rooms, uniq_natasha

Notes
Turn   | Place    | Note
-------+----------+-------------------------------------------
     0 | D:1      | Sobieck the Octopode Summoner began the quest for the Orb.
     0 | D:1      | Reached XP level 1. HP: 11/11 MP: 3/3
   111 | D:1      | Reached XP level 2. HP: 15/17 MP: 1/5
   459 | D:1      | Learned a level 2 spell: Call Imp
   548 | D:1      | Found a faded altar of an unknown god.
   648 | D:1      | Reached XP level 3. HP: 19/21 MP: 6/6
   804 | D:1      | Reached skill level 5 in Summonings
  1149 | D:2      | Noticed Natasha
  1157 | D:2      | Killed Natasha
  1177 | D:2      | Noticed Natasha
  1185 | D:2      | Killed Natasha
  1186 | D:2      | Reached XP level 4. HP: 18/27 MP: 5/7
  1295 | D:2      | You pick up a book of the Moon and begin reading...
  1295 | D:2      | You add the spells Passage of Golubria, Silence and
                  | Lehudib's Crystal Spear to your library.
  1349 | D:2      | Learned a level 3 spell: Call Canine Familiar
  1352 | D:2      | Noticed Natasha
  1556 | D:2      | Killed from afar by Natasha

Vanquished Creatures
  Natasha (D:2)
  2 dart slugs (D:1)
  2 endoplasms
  A giant cockroach (D:1)
  A goblin (D:1)
  2 hobgoblins (D:1)
  3 jackals (D:1)
  A quokka (D:1)
  4 ball pythons
  4 bats
  2 rats (D:1)
23 creatures vanquished.

Vanquished Creatures (collateral kills)
  Natasha (D:2)
  An adder (D:2)
  A worm (D:2)
  A ball python (D:2)
  2 goblins (D:1)
  A hobgoblin (D:2)
  A frilled lizard (D:1)
  3 rats (D:2)
11 creatures vanquished.

Grand Total: 34 creatures vanquished

Table legend:
 A = Non-vault XP
 B = Vault XP
 C = Vault XP percentage of total XP
 D = Non-vault monster count
 E = Vault monster count
 F = Vault count percentage of total count
                 A         B        C        D         E       F
            +---------+---------+-------+---------+---------+-------
      Total |     104 |      35 |  25.2 |      33 |       1 |   2.9
            +---------+---------+-------+---------+---------+-------
        D:1 |      40 |       0 |   0.0 |      22 |       0 |   0.0
        D:2 |      64 |      35 |  35.4 |      11 |       1 |   8.3
            +---------+---------+-------+---------+---------+-------

Illustrated notes

Table legend:
 A = Kills in this place as a percentage of kills in entire the game.
 B = Kills by you in this place as a percentage of kills by you in the entire game.
 C = Kills by friends in this place as a percentage of kills by friends in the entire game.
 D = Other kills in this place as a percentage of other kills in the entire game.
 E = Experience gained in this place as a percentage of experience gained in the entire game.
 F = Experience gained in this place divided by the number of levels of this place that you have seen.
                   A       B       C       D       E      F
               +-------+-------+-------+-------+-------+----------------------
         Total | 100.0 | 100.0 | 100.0 |   N/A | 100.0 |  69.5
       Dungeon | 100.0 | 100.0 | 100.0 |   N/A | 100.0 |  69.5
               +-------+-------+-------+-------+-------+----------------------

Table legend: (Time is in decaauts)
 A = Elapsed time spent in this place.
 B = Non-inter-level travel time spent in this place.
 C = Inter-level travel time spent in this place.
 D = Time resting spent in this place.
 E = Time spent auto-exploring this place.
 F = Levels seen in this place.
 G = Mean time per level.
                   A        B        C        D        E       F      G
               +--------+--------+--------+--------+--------+-----+--------+
         Total |   1555 |   1548 |      7 |    285 |   1018 |   2 |  777.5 |
       Dungeon |   1555 |   1548 |      7 |    285 |   1018 |   2 |  777.5 |
               +--------+--------+--------+--------+--------+-----+--------+

Top non-repeatable levels by time:
     D:1: 1318 daAuts
     D:2: 236 daAuts
